 Dungeon Crawl Stone Soup version 0.26-a0-712-ga5a9c9c9d0 (webtiles) character file.

Game seed: 17644014479195838505

590 kae the Insei (level 7, 0/42 HPs)
             Began as a Tengu Transmuter on Nov 12, 2020.
             Was an Initiate of Ru.
             Slain by a centaur (9 damage)
             ... on level 5 of the Dungeon.
             The game lasted 00:02:18 (5565 turns).

kae the Insei (Tengu Transmuter)                    Turns: 5565, Time: 00:02:19

Health: 0/42       AC:  2    Str: 13    XL:     7   Next: 39%
Magic:  8/11       EV: 20    Int: 13    God:    Ru [......]
Gold:   216        SH:  0    Dex: 19    Spells: 6/10 levels left

rFire    . . .     SeeInvis .     - Unarmed
rCold    . . .     Faith    .   (shield currently unavailable)
rNeg     . . .     Spirit   .   (armour currently unavailable)
rPois    .         Reflect  .   (helmet currently unavailable)
rElec    .         Harm     .   (cloak currently unavailable)
rCorr    .         Rampage  .   (gloves currently unavailable)
MR       .....                  (boots unavailable)
Stlth    ++........             (no amulet)
HPRegen  0.14/turn              (no ring)
MPRegen  0.12/turn              n - ring of poison resistance

@: spider-form (expiring)
A: tiny, able to fly
a: Fly, End Transformation, Renounce Religion


You were on level 5 of the Dungeon.
You worshipped Ru.
Ru was noncommittal.
You were a venomous arachnid creature.
You visited 1 branch of the dungeon, and saw 5 of its levels.

You collected 216 gold pieces.

Inventory:

Armour
 a - a +0 robe (melded)
 i - a +0 pair of gloves (melded)
Jewellery
 n - a ring of poison resistance (right front leg)
 s - a +4 ring of evasion {unknown}
 u - a +6 ring of dexterity {unknown}
Wands
 r - a wand of flame (15)
Scrolls
 c - 4 scrolls of remove curse
 d - 5 scrolls of identify
 e - 2 scrolls of enchant weapon {unknown}
 g - 2 scrolls of fear {unknown}
 j - a scroll of teleportation {unknown}
 k - 4 scrolls of amnesia {unknown}
 q - a scroll of magic mapping {unknown}
Potions
 b - 2 potions of stabbing
 f - a potion of curing
 h - a potion of flight {unknown}
 l - a potion of berserk rage {unknown}
 m - 3 potions of heal wounds {unknown}
 o - 2 potions of ambrosia {unknown}
 p - a potion of mutation {unknown}
 t - a potion of brilliance {unknown}


   Skills:
 + Level 3.8 Fighting
 - Level 2.1 Dodging
 + Level 5.3 Unarmed Combat
 - Level 2.0 Spellcasting
 * Level 4.8 Transmutations


You had 6 spell levels left.
You knew the following spells:

 Your Spells              Type           Power        Failure   Level
a - Beastly Appendage     Tmut           ##....       12%         1
b - Spider Form           Tmut/Pois      #.........   50%         3

Your spell library contained the following spells:

 Spells                   Type           Power        Failure   Level
 Wereblood                Tmut           ##......     16%         2
 Ice Form                 Ice/Tmut       #.......     85%         4
 Blade Hands              Tmut           ##........   86%         5


Dungeon Overview and Level Annotations

Branches:
Dungeon (5/15)
 Temple: D:4-7

Altars:
Dithmenos
Kikubaaqudgha
Okawaru
Qazlal
Ru
Sif Muna
The Shining One


Innate Abilities, Weirdness & Mutations

((You have a beak for a mouth.))
((You have claws for feet.))
You can fly continuously.


Message History

The spell is quite dangerous to cast (28% risk of failure)!
Continue anyway?
You turn into a venomous arachnid creature.
Your +0 pair of gloves melds into your body.
Your +0 robe melds into your body.
The centaur shoots an arrow.
The arrow hits you!
* * * LOW HITPOINT WARNING * * *
You see here an arrow.
The centaur unwields a +0 shortbow.
The centaur misses you. The centaur closely misses you.
You hit the centaur.
The centaur is poisoned.
The centaur is lightly wounded.
The centaur barely misses you.
You bite the centaur!
The centaur is heavily wounded.
The centaur barely misses you. The centaur closely misses you.
You hit the centaur but do no damage.
The centaur looks even sicker.
The centaur is severely wounded.
Your transformation is almost over.
The centaur hits you!
You die...

############
#........(.#######
#.#######.(sc....#
#.# #.(#####.# #
#.# #..#
######.#######..#
................#
#####.#########.#
# #.# #.. #.## ###
#..#


You could see a centaur (very poisoned).

Vanquished Creatures
  Sigmund (D:4)
  A hound (D:3)
  An orc priest (D:3)
  3 orc wizards
  A bullfrog skeleton (D:4)
  A worker ant (D:4)
  A hound skeleton (D:4)
  A worker ant zombie (D:5)
  10 adders
  4 gnolls (D:4)
  An ufetubus (D:5)
  An ooze (D:2)
  2 worms
  3 leopard geckos (D:2)
  7 orcs
  2 ball pythons
  7 bats
  3 giant cockroaches
  6 hobgoblins
  3 jackals (D:3)
  7 kobolds
  2 quokkas (D:3)
  3 frilled lizards
  8 goblins
  6 rats
85 creatures vanquished.

Notes
Turn   | Place    | Note
-------+----------+-------------------------------------------
     0 | D:1      | kae the Tengu Transmuter began the quest for the Orb.
     0 | D:1      | Reached XP level 1. HP: 12/12 MP: 4/4
   155 | D:1      | Reached XP level 2. HP: 16/16 MP: 4/6
   583 | D:1      | Reached XP level 3. HP: 20/20 MP: 7/7
   588 | D:1      | Learned a level 3 spell: Spider Form
  1021 | D:2      | Found an ancient bone altar of Kikubaaqudgha.
  1052 | D:2      | Reached XP level 4. HP: 15/26 MP: 8/8
  1560 | D:2      | Found a stormy altar of Qazlal.
  1594 | D:2      | Reached skill level 4 in Unarmed Combat
  1800 | D:2      | Found a shimmering blue altar of Sif Muna.
  1997 | D:3      | Gained mutation: You can fly continuously. [Tengu growth]
  1997 | D:3      | Reached XP level 5. HP: 17/31 MP: 5/9
  2743 | D:3      | Reached XP level 6. HP: 3/36 MP: 3/10
  4266 | D:4      | Noticed Sigmund
  4282 | D:4      | Killed Sigmund
  4282 | D:4      | Reached skill level 5 in Unarmed Combat
  4282 | D:4      | Reached XP level 7. HP: 40/41 MP: 2/11
  4977 | D:4      | Found a shadowy altar of Dithmenos.
  4978 | D:4      | Found an iron altar of Okawaru.
  4980 | D:4      | Found a sacrificial altar of Ru.
  4983 | D:4      | Became a worshipper of Ru the Awakened
  5207 | D:5      | Entered Level 5 of the Dungeon
  5524 | D:5      | Found a glowing golden altar of the Shining One.
  5565 | D:5      | Slain by a centaur

Illustrated notes

Levels and vault maps discovered:
D:1:      sevenhm_arrival_forest_fort_large_4, layout_rooms, minmay_distorted
D:2:      layout_rooms, lemuel_doored_altar, old_standard_altar, led_sif_pool
D:3:      layout_loops_corners, grunt_decor_cap
D:4:      layout_basic, minitemple, corexii_hall_statues_t, uniq_sigmund
D:5:      layout_loops_ring, serial_shops, nicolae_shop_waterfront, tso_altar

Skill      XL: |  1  2  3  4  5  6 |
---------------+-------------------+-----
Transmutations | 2 3 4 |  4.8
Fighting       | 2 3 |  3.8
Unarmed Combat | 4 5 |  5.3
Dodging        | |  2.1
Spellcasting   | |  2.0

Action                   |  1- 3 |  4- 6 |  7- 9 || total
-------------------------+-------+-------+-------++-------
Melee: Unarmed           |    65 |   156 |    36 ||   257
       Kick              |    10 |    26 |     4 ||    40
       Peck              |     6 |    13 |     4 ||    23
       Headbutt          |     1 |     8 |     4 ||    13
       Punch             |     1 |     2 |       ||     3
 Cast: Beastly Appendage |    13 |    16 |     3 ||    32
       Spider Form       |       |     6 |     3 ||     9
  Use: Potion            |       |     1 |       ||     1
       Scroll            |       |     2 |       ||     2
 Stab: Sleeping          |     1 |       |       ||     1
Armor: Robe              |    12 |    36 |     7 ||    55
       Skin              |       |     2 |       ||     2
Dodge: Dodged            |    49 |   116 |    26 ||   191

Table legend: (Time is in decaauts)
 A = Elapsed time spent in this place.
 B = Non-inter-level travel time spent in this place.
 C = Inter-level travel time spent in this place.
 D = Time resting spent in this place.
 E = Time spent auto-exploring this place.
 F = Levels seen in this place.
 G = Mean time per level.
                   A        B        C        D        E       F      G
               +--------+--------+--------+--------+--------+-----+--------+
         Total |   5545 |   5440 |    105 |    321 |   4528 |   5 | 1109.0 |
       Dungeon |   5545 |   5440 |    105 |    321 |   4528 |   5 | 1109.0 |
               +--------+--------+--------+--------+--------+-----+--------+

Top non-repeatable levels by time:
     D:3: 1753 daAuts
     D:2: 1363 daAuts
     D:4: 1340 daAuts
     D:1: 732 daAuts
     D:5: 355 daAuts
